 Dungeon Crawl Stone Soup version 0.31-a0-1-g4198be8af4 (webtiles) character file.

Game seed: 4048876944855755954

387 Ahpoh the Slasher (level 6, 0/32 HPs)
             Began as a Vine Stalker Fighter on May 1, 2023.
             Was an Initiate of Uskayaw.
             Slain by a wight
             ... wielding a +7 great sword
              (16 damage)
             ... on level 6 of the Dungeon.
             The game lasted 00:08:59 (2541 turns).

Ahpoh the Slasher (Vine Stalker Fighter)            Turns: 2541, Time: 00:09:00

Health: 0/32       AC:  8    Str: 19    XL:     6   Next: 78%
Magic:  0/7        EV:  9    Int:  8    God:    Uskayaw [......]
Gold:   264        SH:  5    Dex: 15    Spells: 5/5 levels left

rFire   . . .        a - +0 long sword
rCold   . . .        c - +0 buckler
rNeg    . . .        b - +0 scale mail
rPois   .            (no helmet)
rElec   .            (no cloak)
rCorr   .            (no gloves)
SInv    .            d - +0 pair of boots
Will    .....        (no amulet) Stlth
                     (no ring)
HPRegen 1.05/turn    (no ring)
MPRegen 0.10/turn

%: guardian spirit
@: no status effects
A: fangs 2, regeneration 1, magic shield, antimagic bite, no potion heal 2
a: Renounce Religion


You were on level 6 of the Dungeon.
You worshipped Uskayaw.
Uskayaw was noncommittal.
You visited 2 branches of the dungeon, and saw 6 of its levels.

You collected 264 gold pieces.

Inventory:

Hand Weapons
 a - a +0 long sword (weapon)
Armour
 b - a +0 scale mail (worn)
 c - a +0 buckler (worn)
 d - a +0 pair of boots (worn)
Scrolls
 f - 3 scrolls of magic mapping
 g - a scroll of fog
 h - a scroll of poison
 i - 2 scrolls of noise {unknown}
 j - a scroll of blinking
 l - a scroll of teleportation {unknown}
 m - a scroll of identify
 o - a scroll of brand weapon {unknown}
Potions
 e - a potion of degeneration {unknown}
 k - a potion of brilliance {unknown}
 n - a potion of curing {unknown}
 p - a potion of berserk rage {unknown}


   Skills:
 + Level 3.5 Fighting
 + Level 4.1 Long Blades
 + Level 3.6 Armour
 + Level 1.2 Dodging
 + Level 0.1 Stealth
 + Level 3.6 Shields


You had 5 spell levels left.
You didn't know any spells.
Your spell library contained the following spells:

 Spells                   Type           Power      Damage    Failure   Level
 Summon Lightning Spire   Summ/Air       0%         N/A       100%        4
 Storm Form               Tmut/Air       0%         N/A       100%        7
 Maxwell's Capacitive Co  Air            0%         ∞         100%        8


Dungeon Overview and Level Annotations

Branches:
Dungeon (6/15)             Temple (1/1) D:6

Altars:
Ashenzari
Cheibriados
Dithmenos
Elyvilon
Fedhas
Gozag
Kikubaaqudgha
Makhleb
Nemelex Xobeh
Okawaru
Qazlal
Ru
Sif Muna
Trog
Uskayaw
Vehumet
Xom
The Shining One

Annotations:
Temple 2 transporters


Innate Abilities, Weirdness & Mutations

You have extremely sharp teeth.
Your natural rate of healing is unusually fast.
When hurt, damage is shared between your health and your magic reserves.
Your bite disrupts and absorbs the magic of your enemies.
Potions cannot restore your health.


Message History

You barely miss the wight. The wight hits you but does no damage.
You slash the wight! You bite the wight. You drain its power.
The wight is heavily damaged.
The wight hits you with a +0 dagger. x2; You feel drained.
You hit the wight but do no damage. You bite the wight. You drain its power.
You feel invigorated.
The wight is severely damaged.
The wight hits you with a +0 dagger.
You can now pass through a line of other dancers.
You hit the wight but do no damage. Your bite misses the wight.
The wight is severely damaged.
The wight hits you with a +0 dagger.
You feel drained.
You slash the wight!
You destroy the wight!
Your life force feels restored.
Your Long Blades skill increases to level 4!
Okay, then.
You now have 247 gold pieces (gained 7).
You now have 264 gold pieces (gained 17).
A wight comes into view. It is wielding a +4 great sword.
You stomp with the beat, sending a shockwave through the revellers around you!
You can no longer stomp with the beat.
Unknown command. 3 wights come into view.
Found a smoky ruby potion.
Found a stone staircase leading down.
The wight moves out of view.
Hit: a) +0 long sword
Press: ? - help, Dir - move target, f - wight
Aim: a wight, wielding a +4 great sword and wearing a +0 robe (about 40% to evade your +0 long sword)
Okay, then.
You slash the wight! You bite the wight, but do no damage.
The wight is severely damaged.
The wight hits you with a +4 great sword!
The wight barely misses you.
You barely miss the wight.
The wight is severely damaged.
The wight hits you with a +4 great sword!
The wight hits you with a +7 great sword!!
Ouch! That really hurt!
You die...

.. . ! #z ####.##
.....z. >.....z#######
#+###'#z@.#...##
........#......#
........###....##
........###.....### ...
..................##....
.......)............#
.###...............#
#...............#
#....†...........+


You could see 4 wights.

Vanquished Creatures
  Sigmund (D:2)
  A wight (D:6)
  A hound (D:6)
  2 gnolls (D:2)
  5 adders
  2 worms (D:2)
  5 orcs (D:3)
  6 endoplasms
  4 giant cockroaches
  4 goblins
  5 hobgoblins
  2 jackals (D:2)
  7 kobolds
  2 quokkas
  6 ball pythons
  3 bats
  5 frilled lizards
  7 rats
68 creatures vanquished.

Notes
Turn   | Place    | Note
-------+----------+-------------------------------------------
     0 | D:1      | Ahpoh the Vine Stalker Fighter began the quest for the Orb.
     0 | D:1      | Reached XP level 1. HP: 11/11 MP: 2/2
   264 | D:1      | Reached XP level 2. HP: 9/16 MP: 3/3
   331 | D:1      | Reached skill level 2 in Long Blades
   534 | D:1      | Found a faded altar of an unknown god.
   996 | D:2      | Reached XP level 3. HP: 19/19 MP: 4/4
  1083 | D:2      | Noticed Sigmund
  1090 | D:2      | Killed Sigmund
  1091 | D:2      | Reached skill level 3 in Long Blades
  1091 | D:2      | Gained mutation: Your natural rate of healing is unusually
                  | fast. [Vine Stalker growth]
  1091 | D:2      | Reached XP level 4. HP: 24/24 MP: 5/5
  1091 | D:2      | Reached XP level 5. HP: 28/28 MP: 6/6
  1181 | D:2      | Reached XP level 6. HP: 32/32 MP: 7/7
  1770 | D:3      | Found a shadowy altar of Dithmenos.
  2018 | D:3      | Reached skill level 1 in Dodging
  2066 | D:3      | Found a radiant altar of Vehumet.
  2224 | D:3      | Identified the staff of death "Kovasu Etig" {rPois rF++ rN+
                  | Will+ Str-3}
  2379 | D:4      | You fall into a shaft and drop 2 floors!
  2379 | D:6      | Found a staircase to the Ecumenical Temple.
  2397 | Temple   | Entered the Ecumenical Temple
  2397 | Temple   | Found a transporter.
  2397 | Temple   | Found a transporter.
  2399 | Temple   | Found a transporter.
  2399 | Temple   | Found a transporter.
  2416 | Temple   | Became a worshipper of Uskayaw the Reveller
  2488 | D:6      | Reached * piety under Uskayaw
  2492 | D:6      | Reached ** piety under Uskayaw
  2517 | D:6      | Reached skill level 4 in Long Blades
  2541 | D:6      | Slain by a wight

Illustrated notes

Levels and vault maps discovered:
D:1:      dpeg_arrival_castle, layout_basic, basic_ecumenical_altar,
          minmay_shallow_snake_nest
D:2:      minmay_angry_zag, layout_loops_ring, minmay_tiny_reverse_x,
          uniq_sigmund
D:3:      layout_basic, mainiacjoe_overflow_catwalk, amcnicky_altar_gilded,
          bh_walls_and_bars
D:4:      layout_basic, ebering_ghost_gozag
D:6:      layout_basic, minmay_temple_entry_offerings, kennysheep_generic_room_6
Temple:   hellmonk_temple_divided_pantheon

Skill      XL: |  1  2  3  4  5  6 |
---------------+-------------------+-----
Long Blades    | 2 3 4 |  4.1
Shields        | 3 |  3.6
Fighting       | 3 |  3.5
Armour         | 3 |  3.6
Dodging        | 1 |  1.2
Stealth        | |  0.1

Action                     |  1- 3 |  4- 6 || total
---------------------------+-------+-------++-------
  Melee: Long sword        |    60 |   106 ||   166
         Bite              |    15 |    27 ||    42
 Invoke: Stomp             |       |     1 ||     1
    Use: Scroll            |     5 |       ||     5
         Potion            |     1 |       ||     1
 Armour: Scale mail        |    22 |    34 ||    56
  Dodge: Dodged            |    25 |    40 ||    65
  Block: Buckler           |    11 |    19 ||    30

Table legend: (Time is in decaauts)
 A = Elapsed time spent in this place.
 B = Non-inter-level travel time spent in this place.
 C = Inter-level travel time spent in this place.
 D = Time resting spent in this place.
 E = Time spent auto-exploring this place.
 F = Levels seen in this place.
 G = Mean time per level.
                   A        B        C        D        E       F      G
               +--------+--------+--------+--------+--------+-----+--------+
         Total |   2589 |   2580 |      9 |      0 |   1776 |   6 |  431.5 |
       Dungeon |   2510 |   2501 |      9 |      0 |   1776 |   5 |  502.0 |
        Temple |     78 |     78 |      0 |      0 |      0 |   1 |   78.0 |
               +--------+--------+--------+--------+--------+-----+--------+

Top non-repeatable levels by time:
     D:1: 908 daAuts
     D:2: 775 daAuts
     D:3: 678 daAuts
     D:6: 85 daAuts
  Temple: 78 daAuts
     D:4: 61 daAuts
